 Dungeon Crawl Stone Soup version 0.30-a0-219-gf2db51d15e (webtiles) character file.

Game seed: 17090787216468310493

1115 lorenzova the Thaumaturge (level 8, -7/41 HPs)
             Began as a Deep Elf Conjurer on Oct 7, 2022.
             Was a Believer of Vehumet.
             Shot with an arrow by a centaur (10 damage)
             ... on level 5 of the Dungeon.
             The game lasted 00:10:13 (5908 turns).

lorenzova the Thaumaturge (Deep Elf Conjurer)       Turns: 5908, Time: 00:10:13

Health: -7/41      AC:  2    Str:  4    XL:     8   Next: 12%
Magic:  19/23      EV: 12    Int: 26    God:    Vehumet [**....]
Gold:   125        SH:  0    Dex: 13    Spells: 10/25 levels left

rFire   . . .      SeeInvis .    n - +4 mace of Imnijorgh {vorpal, rElec}
rCold   . . .      Faith    .    (no shield)
rNeg    . . .      Spirit   .    a - +0 robe
rPois   .          Reflect  .    (no helmet)
rElec   +          Harm     .    (no cloak)
rCorr   .          Rampage  .    (no gloves)
Will    .....                    (no boots)
Stlth   ++........               (no amulet)
HPRegen 0.26/turn                (no ring)
MPRegen 0.18/turn                (no ring)

@: no status effects
A: no striking features
a: Renounce Religion


You were on level 5 of the Dungeon.
You worshipped Vehumet.
Vehumet was pleased with you.
You visited 2 branches of the dungeon, and saw 6 of its levels.

You collected 218 gold pieces.
You spent 93 gold pieces at shops.

Inventory:

Hand Weapons
 d - a +0 short sword
 i - a +2 flail of draining
 n - the +4 mace of Imnijorgh (weapon) {vorpal, rElec}
   (You found it on level 3 of the Dungeon)

   It inflicts extra damage upon your enemies.
   rElec:     It insulates you from electricity.
Armour
 a - a +0 robe (worn)
Magical Staves
 j - a staff of cold
Jewellery
 p - a ring of protection from fire
 r - an amulet of the acrobat
Wands
 s - a wand of digging (2)
 w - a wand of mindburst (9)
 x - a wand of polymorph (8)
Scrolls
 f - 2 scrolls of fear {unknown}
 g - a scroll of poison {unknown}
 l - 4 scrolls of teleportation
 o - a scroll of amnesia {unknown}
 q - a scroll of blinking {unknown}
 u - 2 scrolls of enchant armour {unknown}
Potions
 b - a potion of magic
 c - a potion of haste {unknown}
 e - 3 potions of lignification {unknown}
 h - 3 potions of resistance
 k - 3 potions of curing
 m - 2 potions of heal wounds
 t - a potion of cancellation {unknown}
 v - a potion of berserk rage {unknown}


   Skills:
 - Level 2.4 Dodging
 - Level 2.4 Stealth
 + Level 9.3 Spellcasting
 + Level 8.7 Conjurations


You had 10 spell levels left.
You knew the following spells:

 Your Spells              Type           Power      Damage    Failure   Level
a - Magic Dart            Conj           100%       1d8       1%          1
b - Searing Ray           Conj           100%       2d8       1%          2
c - Iskenderun's Mystic   Conj/Tloc      34%        2d8       9%          4
d - Fulminant Prism       Conj/Hex       17%        3d11      9%          4
s - Sticky Flame          Conj/Fire      34%        2d5       9%          4

Your spell library contained the following spells:

 Spells                   Type           Power      Damage    Failure   Level
 Kiss of Death            Conj/Necr      100%       2d13      1%          1
 Dazzling Flash           Conj/Hex       68%        N/A       2%          3
 Flame Wave               Conj/Fire      34%        2d10      9%          4
 Inner Flame              Hex/Fire       12%        N/A       14%         3
 Cause Fear               Hex            6%         N/A       43%         4
 Summon Lightning Spire   Summ/Air       12%        N/A       43%         4
 Summon Forest            Summ/Tloc      6%         N/A       80%         5
 Summon Mana Viper        Hex/Summ       12%        N/A       80%         5
 Summon Cactus Giant      Summ           6%         N/A       100%        6
 Storm Form               Tmut/Air       6%         N/A       100%        7
 Discord                  Hex            6%         N/A       100%        8
 Maxwell's Capacitive Co  Air            6%         ∞         100%        8


Dungeon Overview and Level Annotations

Branches:
Dungeon (5/15)             Temple (1/1) D:5

Altars:
Ashenzari
Dithmenos
Fedhas
Gozag
Hepliaklqana
Kikubaaqudgha
Makhleb
Okawaru
Qazlal
Ru
Sif Muna
Trog
Vehumet
Wu Jian
Xom
Zin
The Shining One
Ignis

Shops:
D:1 [   D:3 *   D:4 [(*!


Message History

You destroy Menkaure!
Vehumet accepts your kill.
You feel your power returning. (Press . to maintain the ray.)
You have reached level 8!
You feel clever.
You start resting.
Magic restored.
You start resting.
HP restored.
You see here a +2 whip of venom.
A centaur comes into view. It is wielding a staff of air.
Found a scroll of identify.
The centaur shouts!
The centaur wields a +0 shortbow.
The centaur shoots an arrow.
The arrow barely misses you.
The centaur shoots an arrow.
The arrow hits you.
The centaur shoots an arrow.
The arrow hits you!
You see here a +2 whip of venom.
The centaur shoots an arrow.
The arrow barely misses you.
You start resting.
A centaur is nearby!
Casting: Searing Ray (safe; 1% risk of failure)
Confirm with . or Enter, or press ? or * to list all spells.
Aiming: Searing Ray (safe; 1% risk of failure)
Press: ? - help, Shift-Dir - straight line, f - centaur
Aim: a centaur, wielding a +0 shortbow and wearing a +0 robe (90% to hit)
The searing ray misses the centaur. (Press . to maintain the ray.)
The centaur shoots an arrow.
The arrow hits you!
The centaur shoots an arrow.
The arrow closely misses you.
The searing ray hits the centaur!
The centaur is moderately wounded.
The centaur shoots an arrow.
The arrow hits you!
* * * LOW HITPOINT WARNING * * *
The searing ray hits the centaur!
The centaur is severely wounded.
The centaur drinks a potion.
The centaur is healed!
The centaur shoots an arrow.
The arrow hits you!
You die...

.# ... .## #c#
..# #.# ..# #.#
..# ..# #.# #.#
.## #)# #.# ##
#.# #.# #
#c######.# #
#..@..##.# #
#####.##.##### #
#
#.##.#...#######
#.##...........)
#.##.......##...
#.##.......##.##
##.##.......##.##
#................
##.####...####)##


You could see a centaur.

Vanquished Creatures
  Menkaure (D:5)
  2 ogres
  A centaur (D:5)
  2 phantoms
  2 scorpions (D:4)
  3 hounds
  A jelly (D:5)
  2 orc priests (D:5)
  Terence (D:2)
  2 iguanas
  An orc wizard (D:5)
  Robin (D:4)
  6 gnolls (D:5)
  4 adders
  4 worms (D:4)
  2 dart slugs (D:4)
  3 orcs
  2 bats
  8 endoplasms
  4 giant cockroaches
  9 goblins
  10 hobgoblins
  4 jackals (D:4)
  2 quokkas
  8 ball pythons
  A frilled lizard (D:3)
  10 kobolds
  9 rats
105 creatures vanquished.

Vanquished Creatures (others)
  A rat (D:3)
  4 fungi
5 creatures vanquished.

Grand Total: 110 creatures vanquished

Notes
Turn   | Place    | Note
-------+----------+-------------------------------------------
     0 | D:1      | lorenzova the Deep Elf Conjurer began the quest for the
                  | Orb.
     0 | D:1      | Reached XP level 1. HP: 10/10 MP: 6/6
   256 | D:1      | Reached XP level 2. HP: 15/15 MP: 4/8
   312 | D:1      | Learned a level 2 spell: Searing Ray
   349 | D:1      | Found Kyemm's Armour Emporium.
   412 | D:1      | Found a faded altar of an unknown god.
  1153 | D:2      | Found an iron altar of Okawaru.
  1226 | D:2      | Reached skill level 4 in Spellcasting
  1287 | D:2      | Reached XP level 3. HP: 19/19 MP: 6/10
  1435 | D:2      | Noticed Terence
  1449 | D:2      | Killed Terence
  1450 | D:2      | Reached skill level 5 in Conjurations
  1724 | D:2      | Reached XP level 4. HP: 24/24 MP: 9/12
  2315 | D:3      | Found a radiant altar of Vehumet.
  2397 | D:3      | Became a worshipper of Vehumet
  2538 | D:3      | Reached skill level 5 in Spellcasting
  2611 | D:3      | Identified the +4 mace of Imnijorgh {vorpal, rElec}
  2665 | D:3      | Found an iron altar of Okawaru.
  2776 | D:3      | Found a sacrificial altar of Ru.
  2933 | D:3      | Found Sotech's General Store.
  2941 | D:3      | Bought a potion of heal wounds for 60 gold pieces
  3189 | D:4      | Found a blossoming altar of Fedhas.
  3264 | D:4      | Noticed a scorpion
  3408 | D:4      | Killed a scorpion
  3409 | D:4      | Reached XP level 5. HP: 28/28 MP: 8/15
  3660 | D:4      | Reached skill level 6 in Spellcasting
  3715 | D:4      | Reached XP level 6. HP: 32/32 MP: 13/17
  4055 | D:4      | Found Caumir's Armour Boutique.
  4188 | D:4      | Reached skill level 7 in Spellcasting
  4342 | D:4      | Found Koreytaf's Distillery.
  4350 | D:4      | Bought a potion of curing for 33 gold pieces
  4358 | D:4      | Reached * piety under Vehumet
  4358 | D:4      | Offered knowledge of Freeze by Vehumet.
  4383 | D:4      | Found Jaele's General Store.
  4437 | D:4      | Noticed Robin
  4443 | D:4      | Killed Robin
  4535 | D:4      | Reached XP level 7. HP: 25/36 MP: 14/20
  4781 | D:4      | Found Hyikli's Weapon Shoppe.
  4999 | D:5      | Entered Level 5 of the Dungeon
  5026 | D:5      | Learned a level 4 spell: Sticky Flame
  5031 | D:5      | Learned a level 4 spell: Iskenderun's Mystic Blast
  5036 | D:5      | Learned a level 4 spell: Fulminant Prism
  5116 | D:5      | Noticed Menkaure
  5125 | D:5      | Found a bloodstained altar of Trog.
  5145 | D:5      | Reached skill level 8 in Spellcasting
  5533 | D:5      | Offered knowledge of Kiss of Death by Vehumet.
  5623 | D:5      | Reached ** piety under Vehumet
  5650 | D:5      | Found a staircase to the Ecumenical Temple.
  5654 | D:5      | Reached skill level 9 in Spellcasting
  5658 | Temple   | Entered the Ecumenical Temple
  5749 | D:5      | Killed Menkaure
  5750 | D:5      | Reached XP level 8. HP: 12/41 MP: 13/23
  5908 | D:5      | Shot with an arrow by a centaur

Illustrated notes

Levels and vault maps discovered:
D:1:      lightli_arrival_statue_moat, layout_basic,
          dreamdust_ecumenical_altar_grove, serial_shops,
          nicolae_shop_advertising_works [nicolae_subvault_shop_adworks]
D:2:      layout_rooms, serial_forest, infiniplex_forest_lined_2,
          infiniplex_forest_clump_diagonal, infiniplex_forest_clump_double,
          infiniplex_forest_lined_3, infiniplex_forest_straight_4,
          infiniplex_forest_straight_1, basic_altar, nicolae_figureground_pulse,
          uniq_terence
D:3:      layout_loops_ring, nicolae_ru_the_path_less_chosen, okawaru_trees_1,
          fiery_altar_vehumet, serial_shops, nicolae_shop_crystal,
          kennysheep_cluttered_room
D:4:      minmay_evil_eye, layout_basic, fedhas_altar_3, serial_shops,
          nicolae_shop_crystal, shop, nicolae_shop_bloodbath_and_beyond, shop,
          uniq_robin
D:5:      layout_loops_ring, mainiacjoe_overflow_catwalk,
          minmay_temple_entry_proselytizer, uniq_menkaure, uniq_ijyb
Temple:   ebering_untended_altars

Skill      XL: |  1  2  3  4  5  6  7 |
---------------+----------------------+-----
Spellcasting   | 4 5 6 7 9 |  9.3
Conjurations   | 5 6 7 8 |  8.7
Dodging        | |  2.4
Stealth        | |  2.4

Action                   |  1- 3 |  4- 6 |  7- 9 || total
-------------------------+-------+-------+-------++-------
Melee: Short sword       |     1 |       |       ||     1
       Mace              |       |    29 |       ||    29
 Cast: Magic Dart        |    53 |    76 |    41 ||   170
       Searing Ray       |     2 |     9 |    12 ||    23
  Use: Scroll            |       |     2 |     1 ||     3
 Stab: Sleeping          |       |     1 |       ||     1
Armor: Robe              |     2 |     8 |     1 ||    11
Dodge: Dodged            |     1 |    16 |    11 ||    28

Table legend: (Time is in decaauts)
 A = Elapsed time spent in this place.
 B = Non-inter-level travel time spent in this place.
 C = Inter-level travel time spent in this place.
 D = Time resting spent in this place.
 E = Time spent auto-exploring this place.
 F = Levels seen in this place.
 G = Mean time per level.
                   A        B        C        D        E       F      G
               +--------+--------+--------+--------+--------+-----+--------+
         Total |   5917 |   5799 |    118 |   2428 |   2703 |   6 |  986.2 |
       Dungeon |   5845 |   5732 |    113 |   2428 |   2653 |   5 | 1169.0 |
        Temple |     71 |     66 |      5 |      0 |     50 |   1 |   71.0 |
               +--------+--------+--------+--------+--------+-----+--------+

Top non-repeatable levels by time:
     D:4: 1821 daAuts
     D:1: 1136 daAuts
     D:2: 1110 daAuts
     D:3: 940 daAuts
     D:5: 837 daAuts
  Temple: 71 daAuts
